[ AOE2 MATCH · #477166122 ]
UnrankedPersians vs Mongols
[ REPLAY ANALYSIS · EXTRACTED FROM THE RECORDED GAME ]
Feudal
8:33
Castle
—
Imperial
—
| APM avg | 54.9 |
| APM peak | 96 |
| eAPM avg | 17.0 |
| Villagers / military | 55 / 13 |
Focus
⚔️ 21.6% · 🌾 78.4%
Scout Cavalry ×13
Feudal
12:00
Castle
19:03
Imperial
—
| APM avg | 62.5 |
| APM peak | 96 |
| eAPM avg | 36.8 |
| Villagers / military | 51 / 4 |
Focus
⚔️ 53.2% · 🌾 46.8%
Conquistador ×4
Feudal
8:55
Castle
—
Imperial
—
| APM avg | 63.7 |
| APM peak | 92 |
| eAPM avg | 22.5 |
| Villagers / military | 34 / 14 |
Focus
⚔️ 18.5% · 🌾 81.5%
Archer ×9 · Militia ×3 · Spearman ×2
Feudal
8:59
Castle
20:32
Imperial
—
| APM avg | 54.4 |
| APM peak | 72 |
| eAPM avg | 25.4 |
| Villagers / military | 50 / 52 |
Focus
⚔️ 57.3% · 🌾 42.7%
Archer ×52
Feudal
10:33
Castle
—
Imperial
—
| APM avg | 45.1 |
| APM peak | 79 |
| eAPM avg | 17.5 |
| Villagers / military | 45 / 18 |
Focus
⚔️ 14.5% · 🌾 85.5%
Scout Cavalry ×18
Feudal
9:17
Castle
—
Imperial
—
| APM avg | 33.5 |
| APM peak | 58 |
| eAPM avg | 14.2 |
| Villagers / military | 43 / 25 |
Focus
⚔️ 26.4% · 🌾 73.6%
Archer ×24 · Spearman ×1
Match map
Initial resources + every placement click. Lines = walls · curves = elevation contours. ◆ gold · ⬟ stone · ● berries · ✦ relic · ◌ wall gap
Your base· ✓ Closed at 19:27 · 36t walls · no gate
jcdanzig's base· ✓ Closed at 19:03 · 68t walls · 2 gate(s)
hK | Agt. Smith's base· Open — unwalled flank
STORM | Noszombie's base· ✓ Closed at 20:32 · 20t walls · no gate
hK | triunFo's base· Open — unwalled flank
hK | TwisteR's base· Open — unwalled flank
Smoothed initial terrain · ◌ = detected wall gap · hover for details
Inputs per minute
— robo_boro - - jcdanzig
Build order — robo_boro
138 actions detected in the replay
| 0:00 | Create | Villager (Male) |
| 0:00 | Create | Villager (Male) |
| 0:00 | Create | Villager (Male) |
| 0:00 | Create | Villager (Male) |
| 0:00 | Create | Villager (Male) |
| 0:01 | Create | Villager (Male) |
| 0:01 | Create | Villager (Male) |
| 0:01 | Create | Villager (Male) |
| 0:01 | Create | Villager (Male) |
| 0:02 | Build | House |
| 0:03 | Build | House |
| 1:33 | Create | Villager (Male) |
| 1:33 | Create | Villager (Male) |
| 2:07 | Create | Villager (Male) |
| 2:07 | Create | Villager (Male) |
| 2:07 | Create | Villager (Male) |
| 2:10 | Build | House |
| 2:21 | Create | Villager (Male) |
| 2:21 | Create | Villager (Male) |
| 2:31 | Build | Lumber Camp |
| 3:03 | Create | Villager (Male) |
| 3:03 | Create | Villager (Male) |
| 3:25 | Create | Villager (Male) |
| 3:25 | Create | Villager (Male) |
| 3:25 | Create | Villager (Male) |
| 3:45 | Build | House |
| 4:06 | Create | Villager (Male) |
| 4:07 | Create | Villager (Male) |
| 4:07 | Create | Villager (Male) |
| 4:23 | Create | Villager (Male) |
| 4:24 | Create | Villager (Male) |
| 4:24 | Create | Villager (Male) |
| 4:41 | Build | Mill |
| 4:45 | Create | Villager (Male) |
| 4:45 | Create | Villager (Male) |
| 5:08 | Create | Villager (Male) |
| 5:58 | Research | Loom |
| 6:25 | Research | Feudal Age |
| 6:26 | Research | Feudal Age |
| 7:21 | Create | Villager (Male) |
| 7:39 | Build | Barracks |
| 7:49 | Build | House |
| 7:50 | Build | Palisade Wall |
| 8:33 | Age | Feudal Age |
| 8:35 | Build | Stable |
| 8:37 | Build | Palisade Wall |
| 8:38 | Create | Villager (Male) |
| 8:58 | Research | Double-Bit Axe |
| 9:20 | Create | Villager (Male) |
| 9:20 | Create | Villager (Male) |
| 9:33 | Create | Scout Cavalry |
| 9:42 | Build | House |
| 9:48 | Research | Horse Collar |
| 9:49 | Research | Horse Collar |
| 10:04 | Create | Villager (Male) |
| 10:06 | Build | Farm |
| 10:10 | Build | House |
| 10:18 | Create | Scout Cavalry |
| 10:19 | Build | House |
| 10:33 | Create | Villager (Male) |
| 10:35 | Build | Farm |
| 10:41 | Build | Palisade Wall |
| 10:51 | Build | Palisade Wall |
| 10:53 | Create | Villager (Male) |
| 10:55 | Build | Farm |
| 11:05 | Build | Farm |
| 11:11 | Create | Scout Cavalry |
| 11:12 | Create | Villager (Male) |
| 11:39 | Create | Villager (Male) |
| 11:41 | Build | Farm |
| 11:58 | Create | Villager (Male) |
| 11:59 | Create | Scout Cavalry ×2 |
| 12:01 | Build | Farm |
| 12:18 | Create | Villager (Male) |
| 12:23 | Build | Farm |
| 12:27 | Build | House |
| 12:33 | Create | Scout Cavalry |
| 12:34 | Create | Villager (Male) |
| 12:51 | Create | Villager (Male) |
| 12:52 | Build | Farm |
| 13:08 | Build | House |
| 13:09 | Build | Palisade Wall |
| 13:09 | Build | Palisade Wall |
| 13:12 | Create | Scout Cavalry |
| 13:25 | Build | Farm |
| 13:26 | Build | Farm |
| 13:29 | Create | Scout Cavalry |
| 13:30 | Create | Villager (Male) |
| 13:54 | Build | House |
| 13:55 | Create | Villager (Male) |
| 13:57 | Build | Farm |
| 14:17 | Create | Scout Cavalry |
| 14:18 | Create | Villager (Male) |
| 14:21 | Build | Blacksmith |
| 14:23 | Build | Farm |
| 14:29 | Build | Palisade Wall |
| 14:38 | Build | House |
| 14:41 | Create | Villager (Male) |
| 14:42 | Create | Scout Cavalry |
| 14:59 | Build | Mining Camp |
| 15:13 | Create | Villager (Male) |
| 15:14 | Build | Farm |
| 15:31 | Create | Scout Cavalry |
| 15:32 | Create | Villager (Male) |
| 15:35 | Build | Farm |
| 15:37 | Build | Farm |
| 15:38 | Build | Farm |
| 15:41 | Build | Farm |
| 15:49 | Build | House |
| 15:50 | Build | House |
| 15:54 | Create | Scout Cavalry |
| 15:55 | Create | Villager (Male) |
| 16:01 | Build | Farm |
| 16:21 | Create | Scout Cavalry |
| 16:22 | Create | Villager (Male) |
| 16:27 | Build | Farm |
| 16:29 | Build | Farm |
| 16:41 | Create | Villager (Male) |
| 16:52 | Research | Scale Barding Armor |
| 17:05 | Create | Villager (Male) |
| 17:27 | Build | Stone Wall |
| 17:31 | Build | Stone Wall |
| 17:35 | Create | Villager (Male) |
| 17:36 | Research | Wheelbarrow |
| 17:36 | Research | Wheelbarrow |
| 18:09 | Create | Villager (Male) |
| 18:44 | Build | Market |
| 18:49 | Build | Farm |
| 18:49 | Build | Farm |
| 19:24 | Build | Farm |
| 19:27 | Research | Castle Age |
| 19:41 | Research | Bloodlines |
| 19:41 | Research | Bloodlines |
| 20:03 | Build | Stable |
| 20:09 | Research | Forging |
| 20:09 | Research | Gold Mining |
| 20:10 | Research | Gold Mining |
| 20:40 | Build | Lumber Camp |
Build order — jcdanzig
123 actions detected in the replay
| 0:00 | Create | Villager (Male) |
| 0:01 | Create | Villager (Male) |
| 0:02 | Build | House |
| 0:03 | Build | House |
| 0:08 | Create | Villager (Male) |
| 0:08 | Create | Villager (Male) |
| 1:31 | Create | Villager (Male) |
| 1:31 | Create | Villager (Male) |
| 2:00 | Build | Lumber Camp |
| 2:03 | Create | Villager (Male) |
| 2:05 | Create | Villager (Male) |
| 2:05 | Create | Villager (Male) |
| 2:43 | Build | House |
| 2:53 | Create | Villager (Male) |
| 3:09 | Create | Villager (Male) |
| 3:09 | Create | Villager (Male) |
| 3:37 | Create | Villager (Male) |
| 3:37 | Create | Villager (Male) |
| 4:04 | Create | Villager (Male) |
| 4:05 | Create | Villager (Male) |
| 4:05 | Create | Villager (Male) |
| 4:29 | Create | Villager (Male) |
| 4:29 | Create | Villager (Male) |
| 4:44 | Build | Mill |
| 5:10 | Create | Villager (Male) |
| 5:13 | Create | Villager (Male) |
| 5:13 | Create | Villager (Male) |
| 5:23 | Create | Villager (Male) |
| 5:34 | Build | House |
| 5:39 | Build | Palisade Wall |
| 5:41 | Build | Palisade Wall |
| 5:43 | Create | Villager (Male) |
| 5:43 | Create | Villager (Male) |
| 6:09 | Build | Palisade Wall |
| 6:30 | Build | House |
| 6:34 | Create | Villager (Male) |
| 6:34 | Create | Villager (Male) |
| 6:35 | Create | Villager (Male) |
| 6:35 | Create | Villager (Male) |
| 6:43 | Build | Mining Camp |
| 6:51 | Build | Palisade Wall |
| 6:51 | Build | Palisade Wall |
| 7:16 | Create | Villager (Male) |
| 7:16 | Create | Villager (Male) |
| 7:16 | Create | Villager (Male) |
| 7:17 | Create | Villager (Male) |
| 7:37 | Create | Villager (Male) |
| 7:37 | Create | Villager (Male) |
| 7:43 | Build | House |
| 7:50 | Build | Palisade Wall |
| 7:52 | Build | Palisade Wall |
| 7:53 | Create | Villager (Male) |
| 8:07 | Build | Mining Camp |
| 8:42 | Build | Palisade Wall |
| 9:40 | Build | Palisade Gate |
| 9:47 | Build | Palisade Wall |
| 9:50 | Research | Feudal Age |
| 9:50 | Research | Feudal Age |
| 10:29 | Build | Outpost |
| 11:04 | Create | Villager (Male) |
| 11:17 | Build | Farm |
| 11:19 | Build | Farm |
| 11:28 | Build | Farm |
| 11:38 | Build | Farm |
| 11:41 | Research | Loom |
| 11:42 | Create | Villager (Male) |
| 12:00 | Create | Villager (Male) |
| 12:00 | Age | Feudal Age |
| 12:00 | Create | Villager (Male) |
| 12:10 | Build | Watch Tower |
| 12:18 | Create | Villager (Male) |
| 12:42 | Build | Market |
| 12:42 | Create | Villager (Male) |
| 13:09 | Build | Farm |
| 13:25 | Create | Villager (Male) |
| 13:29 | Build | Blacksmith |
| 13:33 | Build | Farm |
| 13:41 | Build | Farm |
| 13:50 | Create | Villager (Male) |
| 13:56 | Build | Farm |
| 14:12 | Build | Stone Wall |
| 14:16 | Build | Stone Wall |
| 14:17 | Build | Stone Wall |
| 14:23 | Build | Farm |
| 14:26 | Create | Villager (Male) |
| 14:31 | Build | Stone Wall |
| 15:32 | Build | Stone Wall |
| 15:33 | Build | Stone Wall |
| 16:09 | Build | Stone Wall |
| 16:11 | Build | Stone Wall |
| 16:11 | Build | Stone Wall |
| 16:23 | Research | Castle Age |
| 16:23 | Research | Castle Age |
| 16:44 | Build | Lumber Camp |
| 17:31 | Build | Gate |
| 17:35 | Build | Gate |
| 17:39 | Build | Stone Wall |
| 17:43 | Build | Stone Wall |
| 17:44 | Build | Stone Wall |
| 17:53 | Build | Stone Wall |
| 18:20 | Create | Villager (Male) |
| 18:27 | Research | Double-Bit Axe |
| 18:27 | Research | Double-Bit Axe |
| 18:31 | Create | Villager (Male) |
| 18:39 | Build | Farm |
| 18:40 | Build | Farm |
| 19:03 | Age | Castle Age |
| 19:05 | Create | Villager (Male) |
| 19:15 | Create | Villager (Male) |
| 19:18 | Build | Farm |
| 19:18 | Create | Villager (Male) |
| 19:21 | Build | Castle |
| 19:32 | Build | House |
| 19:44 | Research | Bow Saw |
| 19:44 | Research | Bow Saw |
| 19:45 | Create | Villager (Male) |
| 20:23 | Create | Conquistador |
| 20:24 | Create | Conquistador |
| 20:24 | Create | Conquistador |
| 20:32 | Build | Farm |
| 20:38 | Build | House |
| 20:39 | Build | Palisade Wall |
| 20:53 | Create | Conquistador |
Build order — hK | Agt. Smith
96 actions detected in the replay
| 0:02 | Create | Villager (Male) |
| 0:03 | Build | House |
| 0:05 | Build | House |
| 0:19 | Create | Villager (Male) ×3 |
| 1:37 | Create | Villager (Male) |
| 2:09 | Create | Villager (Male) |
| 2:12 | Build | Lumber Camp |
| 2:25 | Create | Villager (Male) |
| 2:42 | Build | House |
| 2:49 | Create | Villager (Male) |
| 3:05 | Create | Villager (Male) |
| 3:05 | Create | Villager (Male) |
| 3:25 | Create | Villager (Male) |
| 4:40 | Create | Villager (Male) |
| 5:01 | Create | Villager (Male) |
| 5:23 | Create | Villager (Male) |
| 5:42 | Build | Barracks |
| 5:52 | Create | Villager (Male) |
| 5:52 | Research | Loom |
| 6:24 | Build | House |
| 6:40 | Research | Feudal Age |
| 7:01 | Create | Militia |
| 7:01 | Create | Militia |
| 7:20 | Create | Militia |
| 7:27 | Build | Mining Camp |
| 8:17 | Build | House |
| 8:55 | Age | Feudal Age |
| 8:56 | Research | Man-at-Arms (upgrade) |
| 8:57 | Create | Villager (Male) |
| 9:14 | Build | Archery Range |
| 9:25 | Create | Villager (Male) |
| 9:27 | Build | Blacksmith |
| 9:36 | Create | Villager (Male) |
| 9:41 | Research | Double-Bit Axe |
| 9:57 | Build | House |
| 10:08 | Create | Archer |
| 10:12 | Create | Villager (Male) |
| 10:17 | Build | House |
| 10:39 | Build | Mill |
| 10:40 | Create | Villager (Male) |
| 10:41 | Create | Archer |
| 10:52 | Build | House |
| 11:08 | Create | Villager (Male) |
| 11:22 | Create | Archer |
| 11:24 | Build | House |
| 11:32 | Create | Archer |
| 11:35 | Create | Villager (Male) |
| 11:37 | Build | Farm |
| 11:45 | Build | Farm |
| 11:58 | Build | Farm |
| 12:07 | Build | Farm |
| 12:07 | Create | Villager (Male) |
| 12:17 | Create | Archer |
| 12:33 | Create | Archer |
| 12:37 | Build | Farm |
| 12:54 | Create | Villager (Male) |
| 12:56 | Build | Farm |
| 13:26 | Create | Villager (Male) |
| 13:27 | Create | Archer |
| 13:39 | Build | Farm |
| 13:42 | Create | Villager (Male) |
| 13:56 | Create | Archer |
| 13:57 | Create | Villager (Male) |
| 13:58 | Build | Farm |
| 14:14 | Research | Fletching |
| 14:37 | Create | Villager (Male) |
| 14:39 | Build | Farm |
| 14:43 | Create | Villager (Male) |
| 15:06 | Create | Villager (Male) |
| 15:34 | Create | Archer |
| 15:36 | Create | Villager (Male) |
| 15:37 | Build | Farm |
| 15:39 | Build | Farm |
| 15:40 | Build | Farm |
| 16:00 | Build | House |
| 16:03 | Build | Farm |
| 16:04 | Build | House |
| 16:14 | Create | Villager (Male) |
| 16:35 | Create | Villager (Male) |
| 16:37 | Build | Farm |
| 16:49 | Build | Palisade Wall |
| 16:55 | Build | House |
| 16:56 | Create | Villager (Male) |
| 17:13 | Build | Farm |
| 17:40 | Build | Palisade Wall |
| 17:42 | Create | Spearman |
| 17:42 | Create | Spearman |
| 17:45 | Research | Wheelbarrow |
| 18:11 | Build | House |
| 18:35 | Build | Palisade Wall |
| 18:37 | Build | Palisade Wall |
| 18:40 | Build | Palisade Wall |
| 18:41 | Build | Palisade Wall |
| 18:43 | Build | House |
| 19:23 | Research | Castle Age |
| 20:15 | Build | Lumber Camp |
Build order — STORM | Noszombie
First 150 of 154 actions detected
| 0:01 | Research | Loom |
| 0:01 | Research | Loom |
| 0:03 | Build | House |
| 0:04 | Build | House |
| 0:05 | Create | Villager (Male) |
| 0:05 | Create | Villager (Male) |
| 0:10 | Create | Villager (Male) |
| 1:37 | Create | Villager (Male) |
| 1:37 | Create | Villager (Male) |
| 1:53 | Create | Villager (Male) |
| 1:59 | Build | Lumber Camp |
| 2:24 | Create | Villager (Male) |
| 2:24 | Create | Villager (Male) |
| 2:59 | Create | Villager (Male) |
| 3:02 | Create | Villager (Male) |
| 3:02 | Create | Villager (Male) |
| 3:36 | Build | House |
| 3:51 | Create | Villager (Male) |
| 3:55 | Create | Villager (Male) |
| 4:16 | Create | Villager (Male) |
| 4:16 | Create | Villager (Male) |
| 4:59 | Create | Villager (Male) |
| 5:05 | Build | Mining Camp |
| 5:07 | Create | Villager (Male) |
| 5:15 | Create | Villager (Male) |
| 5:21 | Create | Villager (Male) |
| 5:55 | Create | Villager (Male) |
| 5:55 | Create | Villager (Male) |
| 6:05 | Build | House |
| 6:49 | Research | Feudal Age |
| 6:50 | Research | Feudal Age |
| 7:34 | Build | House |
| 7:40 | Build | Palisade Wall |
| 7:42 | Build | Palisade Wall |
| 8:15 | Build | Barracks |
| 8:20 | Create | Villager (Male) |
| 8:38 | Create | Villager (Male) |
| 8:46 | Create | Villager (Male) |
| 8:59 | Age | Feudal Age |
| 9:14 | Build | Archery Range |
| 9:37 | Create | Villager (Male) |
| 9:38 | Create | Villager (Male) |
| 9:43 | Build | Archery Range |
| 9:52 | Create | Villager (Male) |
| 10:10 | Create | Archer |
| 10:15 | Build | House |
| 10:17 | Create | Villager (Male) |
| 10:18 | Create | Archer |
| 10:23 | Create | Archer |
| 10:27 | Create | Archer |
| 10:28 | Create | Archer |
| 10:38 | Create | Archer |
| 10:40 | Create | Archer |
| 10:42 | Create | Villager (Male) |
| 10:56 | Create | Archer |
| 11:03 | Build | Blacksmith |
| 11:10 | Create | Villager (Male) |
| 11:10 | Create | Villager (Male) |
| 11:15 | Build | House |
| 11:24 | Create | Archer |
| 11:25 | Create | Archer |
| 11:30 | Create | Archer |
| 11:38 | Create | Archer |
| 11:47 | Create | Villager (Male) |
| 11:54 | Create | Archer |
| 12:12 | Create | Archer |
| 12:19 | Research | Fletching |
| 12:20 | Create | Villager (Male) |
| 12:24 | Build | Mill |
| 12:30 | Create | Archer |
| 12:41 | Build | House |
| 12:43 | Create | Archer |
| 12:43 | Create | Archer |
| 12:44 | Create | Archer |
| 12:49 | Create | Villager (Male) |
| 12:57 | Create | Archer |
| 13:15 | Build | Palisade Wall |
| 13:17 | Create | Villager (Male) |
| 13:18 | Create | Villager (Male) |
| 13:23 | Create | Archer |
| 13:28 | Create | Archer |
| 13:30 | Create | Villager (Male) |
| 13:43 | Build | House |
| 13:44 | Create | Villager (Male) |
| 13:46 | Build | House |
| 13:47 | Create | Archer |
| 13:48 | Create | Archer |
| 13:55 | Build | Farm |
| 13:58 | Build | Farm |
| 14:03 | Create | Archer |
| 14:04 | Create | Archer |
| 14:08 | Create | Villager (Male) |
| 14:14 | Create | Archer |
| 14:15 | Create | Archer |
| 14:22 | Create | Villager (Male) |
| 14:23 | Create | Villager (Male) |
| 14:29 | Create | Archer |
| 14:30 | Create | Archer |
| 14:41 | Create | Archer |
| 14:43 | Create | Villager (Male) |
| 14:44 | Create | Villager (Male) |
| 14:48 | Create | Archer |
| 14:48 | Create | Archer |
| 14:51 | Create | Archer |
| 14:51 | Create | Archer |
| 14:55 | Build | Stone Wall |
| 14:56 | Create | Villager (Male) |
| 15:10 | Create | Villager (Male) |
| 15:12 | Create | Archer |
| 15:14 | Create | Villager (Male) |
| 15:25 | Build | House |
| 15:29 | Build | House |
| 15:31 | Build | House |
| 15:43 | Build | Stone Wall |
| 15:56 | Create | Villager (Male) |
| 16:00 | Build | Farm |
| 16:04 | Build | Farm |
| 16:10 | Create | Villager (Male) |
| 16:15 | Build | House |
| 16:24 | Create | Archer |
| 16:24 | Create | Archer |
| 16:40 | Create | Villager (Male) |
| 16:50 | Create | Archer |
| 16:51 | Create | Archer |
| 17:28 | Build | Stone Wall |
| 17:31 | Build | Stone Wall |
| 17:37 | Build | Stone Wall |
| 17:44 | Build | Lumber Camp |
| 17:52 | Research | Castle Age |
| 17:53 | Research | Castle Age |
| 18:00 | Create | Archer |
| 18:01 | Create | Archer |
| 18:03 | Create | Archer |
| 18:10 | Create | Archer |
| 18:13 | Create | Archer |
| 18:24 | Research | Double-Bit Axe |
| 18:25 | Research | Double-Bit Axe |
| 18:33 | Research | Horse Collar |
| 18:46 | Create | Archer |
| 18:51 | Build | Mining Camp |
| 19:05 | Build | House |
| 19:13 | Create | Archer |
| 19:14 | Create | Archer |
| 19:20 | Create | Archer |
| 19:54 | Create | Archer |
| 20:09 | Create | Archer |
| 20:12 | Build | Farm |
| 20:14 | Build | Farm |
| 20:17 | Create | Archer |
| 20:25 | Create | Archer |
Build order — hK | triunFo
100 actions detected in the replay
| 0:00 | Create | Villager (Male) |
| 0:01 | Create | Villager (Male) |
| 0:01 | Create | Villager (Male) |
| 0:01 | Create | Villager (Male) |
| 0:05 | Build | House |
| 1:26 | Build | House |
| 1:27 | Build | House |
| 1:36 | Create | Villager (Male) |
| 1:36 | Create | Villager (Male) |
| 2:06 | Create | Villager (Male) |
| 2:06 | Create | Villager (Male) |
| 2:19 | Create | Villager (Male) |
| 2:19 | Create | Villager (Male) |
| 3:00 | Create | Villager (Male) |
| 3:00 | Create | Villager (Male) |
| 3:01 | Create | Villager (Male) |
| 3:12 | Build | Lumber Camp |
| 3:41 | Create | Villager (Male) |
| 3:41 | Create | Villager (Male) |
| 4:08 | Create | Villager (Male) |
| 4:08 | Create | Villager (Male) |
| 4:20 | Create | Villager (Male) |
| 4:20 | Create | Villager (Male) |
| 4:49 | Create | Villager (Male) |
| 4:49 | Create | Villager (Male) |
| 5:18 | Create | Villager (Male) |
| 5:19 | Create | Villager (Male) |
| 5:38 | Build | Mill |
| 5:58 | Create | Villager (Male) |
| 5:58 | Create | Villager (Male) |
| 5:58 | Create | Villager (Male) |
| 6:03 | Build | House |
| 6:28 | Research | Loom |
| 6:28 | Research | Loom |
| 7:03 | Build | House |
| 7:28 | Create | Villager (Male) |
| 7:42 | Build | House |
| 8:23 | Research | Feudal Age |
| 8:24 | Research | Feudal Age |
| 8:40 | Build | Barracks |
| 9:49 | Build | House |
| 9:50 | Build | House |
| 10:17 | Create | Villager (Male) |
| 10:18 | Create | Villager (Male) |
| 10:33 | Age | Feudal Age |
| 10:40 | Build | Stable |
| 10:51 | Build | Blacksmith |
| 10:54 | Create | Villager (Male) |
| 11:11 | Build | Farm |
| 11:12 | Build | Farm |
| 11:13 | Create | Scout Cavalry |
| 11:13 | Create | Scout Cavalry |
| 11:14 | Create | Scout Cavalry |
| 12:09 | Create | Scout Cavalry |
| 12:10 | Create | Scout Cavalry |
| 12:55 | Create | Scout Cavalry |
| 12:55 | Create | Scout Cavalry |
| 13:00 | Create | Villager (Male) |
| 13:00 | Create | Villager (Male) |
| 13:22 | Create | Villager (Male) |
| 13:35 | Create | Scout Cavalry |
| 13:35 | Create | Scout Cavalry |
| 14:02 | Build | Farm |
| 14:03 | Create | Villager (Male) |
| 14:03 | Create | Villager (Male) |
| 14:03 | Create | Villager (Male) |
| 14:34 | Create | Villager (Male) |
| 15:35 | Create | Scout Cavalry |
| 15:35 | Create | Scout Cavalry |
| 15:35 | Create | Scout Cavalry |
| 15:36 | Create | Scout Cavalry |
| 15:37 | Create | Villager (Male) |
| 15:42 | Build | Farm |
| 15:43 | Build | Farm |
| 15:45 | Build | Farm |
| 15:46 | Build | Farm |
| 15:47 | Build | Farm |
| 15:51 | Create | Scout Cavalry |
| 15:58 | Build | Farm |
| 15:59 | Build | Farm |
| 16:00 | Build | Farm |
| 16:01 | Create | Villager (Male) |
| 16:01 | Create | Villager (Male) |
| 16:27 | Build | Farm |
| 16:28 | Build | Farm |
| 16:31 | Create | Scout Cavalry |
| 17:07 | Create | Scout Cavalry |
| 18:27 | Build | Farm |
| 18:28 | Build | Farm |
| 18:29 | Build | Farm |
| 19:07 | Build | Farm |
| 19:08 | Build | Farm |
| 19:09 | Create | Scout Cavalry |
| 19:09 | Create | Scout Cavalry |
| 19:27 | Create | Villager (Male) |
| 19:27 | Create | Villager (Male) |
| 19:44 | Create | Villager (Male) |
| 20:04 | Create | Villager (Male) |
| 20:09 | Build | Mining Camp |
| 20:32 | Create | Villager (Male) |
Build order — hK | TwisteR
128 actions detected in the replay
| 0:01 | Create | Villager (Male) |
| 0:03 | Build | House |
| 0:04 | Build | House |
| 0:08 | Create | Villager (Male) |
| 0:29 | Create | Villager (Male) |
| 0:38 | Create | Villager (Male) |
| 1:33 | Create | Villager (Male) |
| 1:56 | Build | Lumber Camp |
| 2:02 | Create | Villager (Male) |
| 2:18 | Create | Villager (Male) |
| 2:48 | Create | Villager (Male) |
| 3:08 | Create | Villager (Male) |
| 3:36 | Create | Villager (Male) |
| 3:53 | Build | House |
| 4:05 | Create | Villager (Male) |
| 4:13 | Create | Villager (Male) |
| 4:36 | Create | Villager (Male) |
| 4:42 | Create | Villager (Male) |
| 5:03 | Create | Villager (Male) |
| 5:33 | Build | Mining Camp |
| 5:34 | Create | Villager (Male) |
| 6:42 | Research | Loom |
| 7:04 | Research | Feudal Age |
| 7:37 | Build | Barracks |
| 8:00 | Build | House |
| 8:28 | Create | Villager (Male) |
| 8:29 | Create | Villager (Male) |
| 8:47 | Build | Palisade Wall |
| 8:49 | Build | Palisade Wall |
| 9:06 | Build | Palisade Wall |
| 9:08 | Build | Palisade Wall |
| 9:17 | Age | Feudal Age |
| 9:24 | Create | Villager (Male) |
| 9:37 | Build | Archery Range |
| 9:41 | Create | Villager (Male) |
| 9:49 | Build | Archery Range |
| 10:09 | Create | Villager (Male) |
| 10:18 | Build | Palisade Wall |
| 10:35 | Create | Villager (Male) |
| 10:37 | Create | Archer |
| 10:42 | Build | House |
| 10:47 | Create | Spearman |
| 10:51 | Create | Archer |
| 10:57 | Build | Blacksmith |
| 11:19 | Create | Archer |
| 11:20 | Create | Archer |
| 11:21 | Create | Villager (Male) |
| 11:25 | Build | House |
| 11:31 | Create | Villager (Male) |
| 11:36 | Build | Outpost |
| 11:43 | Build | Mill |
| 11:57 | Build | House |
| 12:06 | Create | Archer |
| 12:17 | Create | Villager (Male) |
| 12:29 | Build | Palisade Wall |
| 12:32 | Build | Palisade Wall |
| 12:37 | Build | House |
| 12:39 | Create | Archer |
| 12:44 | Build | Farm |
| 12:49 | Build | Farm |
| 13:03 | Create | Villager (Male) |
| 13:13 | Build | Gate |
| 13:19 | Create | Archer |
| 13:19 | Create | Archer |
| 13:23 | Build | Farm |
| 13:24 | Create | Villager (Male) |
| 13:45 | Create | Villager (Male) |
| 13:47 | Build | Farm |
| 13:53 | Create | Archer |
| 13:53 | Create | Archer |
| 14:22 | Create | Villager (Male) |
| 14:26 | Build | Farm |
| 14:29 | Build | Farm |
| 14:37 | Create | Villager (Male) |
| 14:40 | Create | Archer |
| 14:41 | Create | Archer |
| 14:50 | Build | House |
| 14:50 | Build | House |
| 15:01 | Build | House |
| 15:06 | Build | House |
| 15:10 | Build | House |
| 15:13 | Create | Villager (Male) |
| 15:26 | Create | Archer |
| 15:26 | Create | Archer |
| 15:27 | Create | Villager (Male) |
| 15:41 | Build | Farm |
| 15:47 | Create | Archer |
| 15:52 | Create | Villager (Male) |
| 16:03 | Build | Palisade Wall |
| 16:06 | Create | Villager (Male) |
| 16:10 | Build | House |
| 16:11 | Create | Villager (Male) |
| 16:17 | Create | Archer |
| 16:35 | Build | Lumber Camp |
| 16:38 | Research | Double-Bit Axe |
| 16:48 | Build | Stone Wall |
| 16:50 | Build | Stone Wall |
| 16:51 | Build | Stone Wall |
| 17:13 | Research | Fletching |
| 17:16 | Build | House |
| 17:19 | Build | Farm |
| 17:20 | Create | Villager (Male) |
| 17:34 | Create | Villager (Male) |
| 17:42 | Create | Villager (Male) |
| 17:50 | Create | Archer |
| 17:50 | Create | Archer |
| 17:58 | Build | Farm |
| 18:05 | Create | Villager (Male) |
| 18:23 | Create | Archer |
| 18:24 | Create | Archer |
| 18:25 | Create | Villager (Male) |
| 18:32 | Build | Farm |
| 18:33 | Build | Farm |
| 18:39 | Research | Wheelbarrow |
| 18:55 | Build | House |
| 18:56 | Build | House |
| 19:01 | Create | Villager (Male) |
| 19:21 | Create | Archer |
| 19:22 | Create | Archer |
| 19:25 | Build | House |
| 19:29 | Create | Villager (Male) |
| 19:33 | Build | Farm |
| 19:54 | Create | Archer |
| 19:54 | Create | Archer |
| 20:06 | Research | Padded Archer Armor |
| 20:15 | Build | House |
| 20:16 | Create | Villager (Male) |
| 20:43 | Build | Lumber Camp |
Match timeline
| 5:39 | jcdanzig · wall_segment Palisade Wall x6 |
| 5:41 | jcdanzig · wall_segment Palisade Wall x4 |
| 5:42 | hK | Agt. Smith · first_building Barracks |
| 6:09 | jcdanzig · wall_segment Palisade Wall x1 |
| 6:51 | jcdanzig · wall_segment Palisade Wall x6 |
| 6:51 | jcdanzig · wall_segment Palisade Wall x1 |
| 7:37 | hK | TwisteR · first_building Barracks |
| 7:39 | robo_boro · first_building Barracks |
| 7:40 | STORM | Noszombie · wall_segment Palisade Wall x1 |
| 7:42 | STORM | Noszombie · wall_segment Palisade Wall x5 |
| 7:50 | jcdanzig · wall_segment Palisade Wall x1 |
| 7:50 | robo_boro · wall_segment Palisade Wall x5 |
| 7:52 | jcdanzig · wall_segment Palisade Wall x12 |
| 8:15 | STORM | Noszombie · first_building Barracks |
| 8:33 | robo_boro · age_up feudal |
| 8:35 | robo_boro · first_building Stable |
| 8:37 | robo_boro · wall_segment Palisade Wall x4 |
| 8:40 | hK | triunFo · first_building Barracks |
| 8:42 | jcdanzig · wall_segment Palisade Wall x9 |
| 8:47 | hK | TwisteR · wall_segment Palisade Wall x2 |
| 8:49 | hK | TwisteR · wall_segment Palisade Wall x3 |
| 8:55 | hK | Agt. Smith · age_up feudal |
| 8:59 | STORM | Noszombie · age_up feudal |
| 9:06 | hK | TwisteR · wall_segment Palisade Wall x1 |
| 9:08 | hK | TwisteR · wall_segment Palisade Wall x1 |
| 9:14 | STORM | Noszombie · first_building Archery Range |
| 9:14 | hK | Agt. Smith · first_building Archery Range |
| 9:17 | hK | TwisteR · age_up feudal |
| 9:37 | hK | TwisteR · first_building Archery Range |
| 9:47 | jcdanzig · wall_segment Palisade Wall x4 |
| 10:18 | hK | TwisteR · wall_segment Palisade Wall x1 |
| 10:33 | hK | triunFo · age_up feudal |
| 10:40 | hK | triunFo · first_building Stable |
| 10:41 | robo_boro · wall_segment Palisade Wall x8 |
| 10:51 | robo_boro · wall_segment Palisade Wall x5 |
| 12:00 | jcdanzig · age_up feudal |
| 12:29 | hK | TwisteR · wall_segment Palisade Wall x5 |
| 12:32 | hK | TwisteR · wall_segment Palisade Wall x11 |
| 13:09 | robo_boro · wall_segment Palisade Wall x1 |
| 13:09 | robo_boro · wall_segment Palisade Wall x1 |
| 13:15 | STORM | Noszombie · wall_segment Palisade Wall x1 |
| 14:12 | jcdanzig · wall_segment Stone Wall x4 |
| 14:16 | jcdanzig · wall_segment Stone Wall x3 |
| 14:17 | jcdanzig · wall_segment Stone Wall x6 |
| 14:29 | robo_boro · wall_segment Palisade Wall x4 |
| 14:31 | jcdanzig · wall_segment Stone Wall x1 |
| 14:55 | STORM | Noszombie · wall_segment Stone Wall x5 |
| 14:59 | jcdanzig · first_market_buy 100 food |
| 15:32 | jcdanzig · wall_segment Stone Wall x1 |
| 15:33 | jcdanzig · wall_segment Stone Wall x1 |
| 15:43 | STORM | Noszombie · wall_segment Stone Wall x5 |
| 16:03 | hK | TwisteR · wall_segment Palisade Wall x11 |
| 16:09 | jcdanzig · wall_segment Stone Wall x4 |
| 16:11 | jcdanzig · wall_segment Stone Wall x1 |
| 16:11 | jcdanzig · wall_segment Stone Wall x1 |
| 16:48 | hK | TwisteR · wall_segment Stone Wall x8 |
| 16:49 | hK | Agt. Smith · wall_segment Palisade Wall x1 |
| 16:50 | hK | TwisteR · wall_segment Stone Wall x4 |
| 16:51 | hK | TwisteR · wall_segment Stone Wall x3 |
| 17:27 | robo_boro · wall_segment Stone Wall x5 |
| 17:28 | STORM | Noszombie · wall_segment Stone Wall x1 |
| 17:31 | STORM | Noszombie · wall_segment Stone Wall x1 |
| 17:31 | robo_boro · wall_segment Stone Wall x3 |
| 17:37 | STORM | Noszombie · wall_segment Stone Wall x1 |
| 17:39 | jcdanzig · wall_segment Stone Wall x1 |
| 17:40 | hK | Agt. Smith · wall_segment Palisade Wall x1 |
| 17:43 | jcdanzig · wall_segment Stone Wall x1 |
| 17:44 | jcdanzig · wall_segment Stone Wall x1 |
| 17:53 | jcdanzig · wall_segment Stone Wall x1 |
| 18:35 | hK | Agt. Smith · wall_segment Palisade Wall x1 |
| 18:37 | hK | Agt. Smith · wall_segment Palisade Wall x1 |
| 18:40 | hK | Agt. Smith · wall_segment Palisade Wall x1 |
| 18:41 | hK | Agt. Smith · wall_segment Palisade Wall x1 |
| 19:03 | jcdanzig · age_up castle |
| 19:21 | jcdanzig · first_building Castle |
| 20:32 | STORM | Noszombie · age_up castle |
| 20:39 | jcdanzig · wall_segment Palisade Wall x1 |
| 20:45 | hK | Agt. Smith · resign |
[ AI ANALYSIS · 1 CREDIT ]
What really happened in this match?
Wolo.gg analyzes every decision: build order, eco, micro, common mistakes by bracket. Personalized analysis on WhatsApp or Discord in 30 seconds.
Civ guide
Persians
Perfil
robo